[ AOE2 MATCH · #496001683 ]
UnrankedMongols vs Mongols
Player's team · LOSS
Rival team · WIN
[ REPLAY ANALYSIS · EXTRACTED FROM THE RECORDED GAME ]
Feudal
8:30
Castle
22:51
Imperial
40:18
| APM avg | 55.0 |
| APM peak | 115 |
| eAPM avg | 21.7 |
| Villagers / military | 152 / 96 |
Focus
⚔️ 44.3% · 🌾 55.7%
Cavalry Archer ×48 · Archer ×15 · Mangudai ×9 · Spearman ×6 · Skirmisher ×6 · Monk ×4
Feudal
8:26
Castle
23:30
Imperial
38:58
| APM avg | 57.3 |
| APM peak | 91 |
| eAPM avg | 25.4 |
| Villagers / military | 134 / 70 |
Focus
⚔️ 34.4% · 🌾 65.6%
Mangudai ×34 · Archer ×8 · Scout Cavalry ×7 · Scorpion ×5 · Monk ×4 · Steppe Lancer ×4
Match map
Initial resources + every placement click. Lines = walls · curves = elevation contours. ◆ gold · ⬟ stone · ● berries · ✦ relic · ◌ wall gap
Your base· ✓ Closed at 22:51 · 53t walls · no gate
Gabi's base· Open — opponent sealed themselves in
Smoothed initial terrain · ◌ = detected wall gap · hover for details
Inputs per minute
— ShatatsuKaragaraShigaraminoTsuji - - Gabi
Build order — ShatatsuKaragaraShigaraminoTsuji
First 150 of 364 actions detected
| 0:00 | Queue | Villager (Male) |
| 0:00 | Queue | Villager (Male) |
| 0:00 | Queue | Villager (Male) |
| 0:01 | Queue | Villager (Male) |
| 0:01 | Queue | Villager (Male) |
| 0:01 | Queue | Villager (Male) |
| 0:01 | Queue | Villager (Male) |
| 0:01 | Queue | Villager (Male) |
| 0:01 | Queue | Villager (Male) |
| 0:01 | Queue | Villager (Male) |
| 0:02 | Build | House |
| 0:04 | Build | House |
| 1:28 | Queue | Villager (Male) |
| 1:28 | Queue | Villager (Male) |
| 2:04 | Queue | Villager (Male) |
| 2:04 | Queue | Villager (Male) |
| 2:34 | Queue | Villager (Male) |
| 2:43 | Build | Mill |
| 2:50 | Queue | Villager (Male) |
| 2:50 | Queue | Villager (Male) |
| 3:13 | Queue | Villager (Male) |
| 3:13 | Queue | Villager (Male) |
| 3:14 | Queue | Villager (Male) |
| 3:40 | Queue | Villager (Male) |
| 3:51 | Queue | Villager (Male) |
| 3:58 | Queue | Villager (Male) |
| 4:02 | Queue | Villager (Male) |
| 4:04 | Build | House |
| 4:34 | Build | Lumber Camp |
| 5:18 | Queue | Villager (Male) |
| 5:55 | Research | Loom |
| 6:03 | Research | Feudal Age |
| 6:48 | Build | Barracks |
| 7:07 | Build | House |
| 7:59 | Queue | Villager (Male) |
| 8:07 | Queue | Villager (Male) |
| 8:30 | Age | Feudal Age |
| 8:33 | Build | Stable |
| 8:46 | Queue | Spearman |
| 8:51 | Build | House |
| 8:53 | Build | Palisade Wall |
| 8:55 | Build | House |
| 9:16 | Queue | Scout Cavalry |
| 9:16 | Queue | Scout Cavalry |
| 9:17 | Queue | Villager (Male) |
| 9:29 | Build | Mill |
| 9:43 | Queue | Villager (Male) |
| 10:01 | Build | Watch Tower |
| 10:07 | Queue | Scout Cavalry |
| 10:10 | Queue | Villager (Male) |
| 10:29 | Build | Palisade Wall |
| 10:34 | Build | Archery Range |
| 10:37 | Queue | Villager (Male) |
| 11:01 | Queue | Scout Cavalry |
| 11:20 | Queue | Villager (Male) |
| 11:23 | Build | Farm |
| 11:24 | Build | Farm |
| 11:35 | Queue | Skirmisher |
| 11:35 | Queue | Skirmisher |
| 12:07 | Queue | Skirmisher |
| 12:26 | Queue | Skirmisher |
| 12:47 | Queue | Skirmisher |
| 12:52 | Build | Farm |
| 13:01 | Build | House |
| 13:12 | Build | Palisade Wall |
| 13:14 | Build | Palisade Wall |
| 13:15 | Build | Palisade Wall |
| 13:18 | Build | Palisade Wall |
| 13:21 | Build | Palisade Wall |
| 13:28 | Build | Farm |
| 13:30 | Build | Farm |
| 13:31 | Queue | Skirmisher |
| 13:41 | Queue | Villager (Male) |
| 13:41 | Queue | Villager (Male) |
| 14:24 | Queue | Villager (Male) |
| 14:29 | Queue | Spearman |
| 14:43 | Queue | Villager (Male) |
| 14:45 | Build | Farm |
| 14:45 | Build | Farm |
| 14:46 | Build | Farm |
| 14:46 | Build | Farm |
| 14:46 | Build | Farm |
| 14:46 | Build | Farm |
| 15:12 | Queue | Spearman |
| 15:28 | Queue | Villager (Male) |
| 15:28 | Queue | Villager (Male) |
| 15:32 | Build | Farm |
| 15:34 | Build | Farm |
| 15:43 | Queue | Villager (Male) |
| 15:44 | Queue | Villager (Male) |
| 15:49 | Build | Palisade Wall |
| 16:08 | Build | House |
| 16:10 | Build | House |
| 16:11 | Queue | Villager (Male) |
| 16:16 | Research | Double-Bit Axe |
| 16:16 | Research | Double-Bit Axe |
| 16:30 | Build | House |
| 16:38 | Queue | Villager (Male) |
| 16:39 | Queue | Spearman |
| 16:43 | Build | Palisade Wall |
| 16:47 | Queue | Villager (Male) |
| 17:17 | Build | Mining Camp |
| 17:24 | Build | Palisade Wall |
| 17:30 | Queue | Villager (Male) |
| 17:34 | Build | House |
| 17:46 | Queue | Spearman |
| 17:54 | Queue | Spearman |
| 17:59 | Queue | Villager (Male) |
| 18:17 | Build | Palisade Wall |
| 18:24 | Queue | Villager (Male) |
| 18:35 | Queue | Archer |
| 18:36 | Queue | Archer |
| 18:48 | Queue | Villager (Male) |
| 18:49 | Build | Blacksmith |
| 19:05 | Queue | Archer |
| 19:13 | Queue | Villager (Male) |
| 19:23 | Build | Palisade Wall |
| 19:25 | Build | Palisade Wall |
| 19:28 | Build | Lumber Camp |
| 20:11 | Research | Castle Age |
| 20:11 | Research | Castle Age |
| 20:24 | Build | Archery Range |
| 20:40 | Build | Lumber Camp |
| 20:44 | Queue | Archer |
| 20:45 | Queue | Archer |
| 20:52 | Queue | Archer |
| 20:52 | Queue | Archer |
| 20:52 | Queue | Archer |
| 21:03 | Queue | Archer |
| 21:03 | Queue | Archer |
| 21:13 | Queue | Archer |
| 21:13 | Queue | Archer |
| 21:20 | Queue | Villager (Male) |
| 21:25 | Build | Palisade Wall |
| 21:31 | Research | Horse Collar |
| 21:31 | Research | Horse Collar |
| 21:46 | Queue | Archer |
| 21:46 | Queue | Archer |
| 22:19 | Build | Palisade Wall |
| 22:25 | Queue | Villager (Male) |
| 22:49 | Queue | Villager (Male) |
| 22:51 | Age | Castle Age |
| 22:53 | Research | Crossbowman (upgrade) |
| 22:54 | Research | Fletching |
| 22:54 | Research | Fletching |
| 23:00 | Queue | Cavalry Archer |
| 23:01 | Queue | Cavalry Archer |
| 23:12 | Queue | Villager (Male) |
| 23:41 | Research | Bodkin Arrow |
| 23:42 | Research | Bodkin Arrow |
Build order — Gabi
First 150 of 383 actions detected
| 0:01 | Queue | Villager (Male) |
| 0:01 | Queue | Villager (Male) |
| 0:02 | Build | House |
| 0:03 | Build | House |
| 0:19 | Queue | Villager (Male) |
| 0:32 | Queue | Villager (Male) |
| 1:30 | Queue | Villager (Male) |
| 1:52 | Build | Lumber Camp |
| 2:01 | Queue | Villager (Male) |
| 2:01 | Queue | Villager (Male) |
| 2:17 | Queue | Villager (Male) |
| 2:36 | Queue | Villager (Male) |
| 3:02 | Queue | Villager (Male) |
| 3:30 | Queue | Villager (Male) |
| 3:31 | Queue | Villager (Male) |
| 3:55 | Build | House |
| 4:01 | Queue | Villager (Male) |
| 4:01 | Queue | Villager (Male) |
| 4:03 | Build | Mill |
| 4:34 | Queue | Villager (Male) |
| 5:18 | Queue | Villager (Male) |
| 5:49 | Research | Loom |
| 6:04 | Research | Feudal Age |
| 6:23 | Build | Barracks |
| 6:58 | Queue | Militia |
| 7:02 | Build | House |
| 7:12 | Queue | Militia |
| 7:22 | Build | Mining Camp |
| 7:39 | Queue | Militia |
| 7:47 | Build | House |
| 8:11 | Build | Palisade Wall |
| 8:14 | Build | Palisade Wall |
| 8:18 | Build | Palisade Wall |
| 8:26 | Age | Feudal Age |
| 8:33 | Queue | Villager (Male) |
| 8:36 | Research | Man-at-Arms (upgrade) |
| 9:02 | Build | Archery Range |
| 9:04 | Queue | Villager (Male) |
| 9:15 | Queue | Spearman |
| 9:24 | Queue | Villager (Male) |
| 9:47 | Queue | Archer |
| 9:50 | Build | Watch Tower |
| 9:55 | Queue | Villager (Male) |
| 10:16 | Queue | Villager (Male) |
| 10:21 | Build | House |
| 10:22 | Build | Palisade Wall |
| 10:33 | Build | Mill |
| 10:34 | Queue | Archer |
| 10:35 | Queue | Archer |
| 10:37 | Queue | Villager (Male) |
| 11:00 | Queue | Villager (Male) |
| 11:18 | Queue | Villager (Male) |
| 11:21 | Queue | Archer |
| 11:21 | Queue | Archer |
| 11:34 | Build | Mill |
| 11:44 | Queue | Villager (Male) |
| 11:59 | Queue | Archer |
| 12:07 | Queue | Villager (Male) |
| 12:08 | Build | House |
| 12:27 | Queue | Villager (Male) |
| 12:31 | Build | House |
| 12:53 | Queue | Archer |
| 12:54 | Research | Double-Bit Axe |
| 12:56 | Queue | Villager (Male) |
| 13:11 | Queue | Archer |
| 13:17 | Build | Farm |
| 13:18 | Build | Farm |
| 13:34 | Queue | Villager (Male) |
| 13:42 | Build | Farm |
| 13:45 | Queue | Villager (Male) |
| 14:01 | Queue | Villager (Male) |
| 14:14 | Queue | Villager (Male) |
| 14:24 | Queue | Villager (Male) |
| 14:30 | Queue | Villager (Male) |
| 14:43 | Build | Farm |
| 14:50 | Build | Stable |
| 14:54 | Queue | Villager (Male) |
| 15:01 | Queue | Villager (Male) |
| 15:03 | Queue | Villager (Male) |
| 15:17 | Build | Farm |
| 15:32 | Build | Farm |
| 15:42 | Build | Farm |
| 15:47 | Queue | Scout Cavalry |
| 15:49 | Build | Farm |
| 15:57 | Queue | Scout Cavalry |
| 16:06 | Build | Farm |
| 16:09 | Build | Farm |
| 16:25 | Build | Lumber Camp |
| 16:40 | Queue | Villager (Male) |
| 16:44 | Queue | Scout Cavalry |
| 16:47 | Queue | Villager (Male) |
| 16:53 | Queue | Villager (Male) |
| 16:55 | Build | Palisade Wall |
| 17:04 | Build | Farm |
| 17:11 | Queue | Scout Cavalry |
| 17:17 | Build | Farm |
| 17:25 | Queue | Scout Cavalry |
| 17:31 | Build | Farm |
| 17:32 | Build | Farm |
| 17:44 | Queue | Villager (Male) |
| 17:51 | Build | Lumber Camp |
| 17:56 | Queue | Scout Cavalry |
| 17:57 | Queue | Villager (Male) |
| 18:08 | Build | House |
| 18:12 | Research | Wheelbarrow |
| 18:18 | Build | House |
| 18:26 | Build | Mining Camp |
| 18:31 | Build | Palisade Wall |
| 18:53 | Build | House |
| 18:57 | Queue | Villager (Male) |
| 19:05 | Build | Mining Camp |
| 19:11 | Build | Farm |
| 19:12 | Build | Farm |
| 19:19 | Queue | Scout Cavalry |
| 19:29 | Build | Blacksmith |
| 19:40 | Queue | Villager (Male) |
| 20:18 | Build | Farm |
| 20:18 | Queue | Villager (Male) |
| 20:24 | Build | Farm |
| 20:26 | Build | Farm |
| 20:47 | Build | Farm |
| 20:50 | Build | Farm |
| 20:50 | Research | Castle Age |
| 21:08 | Build | House |
| 21:09 | Build | House |
| 21:25 | Build | Outpost |
| 21:37 | Research | Fletching |
| 21:59 | Research | Gold Mining |
| 23:03 | Queue | Villager (Male) |
| 23:11 | Build | House |
| 23:30 | Age | Castle Age |
| 23:32 | Build | Town Center |
| 23:35 | Queue | Villager (Male) |
| 23:40 | Build | Siege Workshop |
| 23:50 | Queue | Steppe Lancer |
| 23:50 | Queue | Steppe Lancer |
| 23:52 | Research | Forging |
| 23:54 | Queue | Villager (Male) |
| 23:57 | Build | House |
| 23:58 | Build | Palisade Wall |
| 24:02 | Queue | Villager (Male) |
| 24:04 | Build | Town Center |
| 24:15 | Queue | Scorpion |
| 24:19 | Build | Farm |
| 24:21 | Build | Farm |
| 24:22 | Queue | Villager (Male) |
| 24:36 | Queue | Steppe Lancer |
| 24:38 | Research | Husbandry |
| 24:44 | Build | House |
| 24:47 | Queue | Villager (Male) |
Match timeline
| 6:23 | Gabi · first_building Barracks |
| 6:48 | ShatatsuKaragaraShigaraminoTsuji · first_building Barracks |
| 8:11 | Gabi · wall_segment Palisade Wall x3 |
| 8:14 | Gabi · wall_segment Palisade Wall x1 |
| 8:18 | Gabi · wall_segment Palisade Wall x4 |
| 8:26 | Gabi · age_up feudal |
| 8:30 | ShatatsuKaragaraShigaraminoTsuji · age_up feudal |
| 8:33 | ShatatsuKaragaraShigaraminoTsuji · first_building Stable |
| 8:53 | ShatatsuKaragaraShigaraminoTsuji · wall_segment Palisade Wall x1 |
| 9:02 | Gabi · first_building Archery Range |
| 10:22 | Gabi · wall_segment Palisade Wall x6 |
| 10:29 | ShatatsuKaragaraShigaraminoTsuji · wall_segment Palisade Wall x6 |
| 10:34 | ShatatsuKaragaraShigaraminoTsuji · first_building Archery Range |
| 13:12 | ShatatsuKaragaraShigaraminoTsuji · wall_segment Palisade Wall x4 |
| 13:14 | ShatatsuKaragaraShigaraminoTsuji · wall_segment Palisade Wall x4 |
| 13:15 | ShatatsuKaragaraShigaraminoTsuji · wall_segment Palisade Wall x5 |
| 13:18 | ShatatsuKaragaraShigaraminoTsuji · wall_segment Palisade Wall x6 |
| 13:21 | ShatatsuKaragaraShigaraminoTsuji · wall_segment Palisade Wall x5 |
| 14:50 | Gabi · first_building Stable |
| 15:49 | ShatatsuKaragaraShigaraminoTsuji · wall_segment Palisade Wall x3 |
| 16:43 | ShatatsuKaragaraShigaraminoTsuji · wall_segment Palisade Wall x7 |
| 16:55 | Gabi · wall_segment Palisade Wall x1 |
| 17:24 | ShatatsuKaragaraShigaraminoTsuji · wall_segment Palisade Wall x11 |
| 18:17 | ShatatsuKaragaraShigaraminoTsuji · wall_segment Palisade Wall x1 |
| 18:31 | Gabi · wall_segment Palisade Wall x4 |
| 19:23 | ShatatsuKaragaraShigaraminoTsuji · wall_segment Palisade Wall x1 |
| 19:25 | ShatatsuKaragaraShigaraminoTsuji · wall_segment Palisade Wall x1 |
| 21:25 | ShatatsuKaragaraShigaraminoTsuji · wall_segment Palisade Wall x1 |
| 22:19 | ShatatsuKaragaraShigaraminoTsuji · wall_segment Palisade Wall x1 |
| 22:51 | ShatatsuKaragaraShigaraminoTsuji · age_up castle |
| 23:30 | Gabi · age_up castle |
| 23:40 | Gabi · first_building Siege Workshop |
| 23:54 | ShatatsuKaragaraShigaraminoTsuji · wall_segment Palisade Wall x1 |
| 23:58 | Gabi · wall_segment Palisade Wall x1 |
| 25:54 | ShatatsuKaragaraShigaraminoTsuji · first_building Monastery |
| 26:00 | Gabi · first_building Monastery |
| 26:10 | ShatatsuKaragaraShigaraminoTsuji · wall_segment Palisade Wall x1 |
| 26:13 | ShatatsuKaragaraShigaraminoTsuji · wall_segment Palisade Wall x1 |
| 30:16 | Gabi · first_building Castle |
| 36:45 | ShatatsuKaragaraShigaraminoTsuji · first_building Castle |
| 37:36 | Gabi · wall_segment Stone Wall x20 |
| 37:41 | Gabi · wall_segment Stone Wall x7 |
| 38:10 | Gabi · wall_segment Stone Wall x9 |
| 38:58 | Gabi · age_up imperial |
| 40:18 | ShatatsuKaragaraShigaraminoTsuji · age_up imperial |
| 40:21 | ShatatsuKaragaraShigaraminoTsuji · resign |
[ AI ANALYSIS · 1 CREDIT ]
What really happened in this match?
Wolo.gg analyzes every decision: build order, eco, micro, common mistakes by bracket. Personalized analysis on WhatsApp or Discord in 30 seconds.
Civ guide
Mongols
Perfil
Jugador #20417324